 Dungeon Crawl Stone Soup version 0.27.1-3-gb3d3a73c9e (console) character file.

Game seed: 17120612952028636390

58 Banquo the Bolt Thrower (level 4, -6/35 HPs)
             Began as a Djinni Hunter on Oct 11, 2021.
             Killed by nerve-wracking pain
             ... invoked by Jessica
              (13 damage)
             ... on level 3 of the Dungeon.
             The game lasted 00:05:26 (2293 turns).

Banquo the Bolt Thrower (Djinni Hunter)             Turns: 2293, Time: 00:05:27

Health: -6/35      AC:  4    Str: 11    XL:     4   Next: 20%
Gold:   85         EV: 11    Int: 14    God:
                   SH:  0    Dex: 13

rFire    + + .     SeeInvis .   a - +0 hand axe
rCold    x . .     Faith    .   (no shield)
rNeg     . . .     Spirit   .   c - +1 leather armour
rPois    ∞         Reflect  .   (no helmet)
rElec    .         Harm     .   (no cloak)
rCorr    .         Rampage  .   (no gloves)
Will     .....                  (boots unavailable)
Stlth    +.........             (no amulet)
HPRegen  0.11/turn              (no ring)
MPRegen  0.00/turn              (no ring)

@: flying, slowed, very slow
A: sickness immunity, fire resistance 2, cold vulnerability 1, float, innate
caster, hp casting, extra vitality 1
a: no special abilities


You were on level 3 of the Dungeon.
You visited 1 branch of the dungeon, and saw 3 of its levels.

You collected 85 gold pieces.

Inventory:

Hand Weapons
 a - a +0 hand axe (weapon)
 b - a +1 hand crossbow
 h - a +0 short sword
 k - a +0 long sword
Missiles
 d - 39 bolts
 f - 41 stones (quivered)
 m - 10 javelins
Armour
 c - a +1 leather armour (worn)
 n - a scarf of harm
Wands
 i - a wand of charming (8)
Scrolls
 e - 3 scrolls of enchant armour
 g - 2 scrolls of identify
 l - 3 scrolls of noise
 o - a scroll of torment


   Skills:
 * Level 3.2 Fighting
 - Level 3.2 Crossbows
 - Level 2.1 Dodging
 - Level 0.7 Stealth
 * Level 1.6 Spellcasting


You had 5 spell levels left.
You knew the following spells:

 Your Spells              Type           Power      Damage    Failure   Level
a - Corona                Hex            5%         N/A       17%         1
Your spell library was empty.

Dungeon Overview and Level Annotations

Branches:
Dungeon (3/15)

Altars:
Fedhas

Annotations:
D:3 Jessica


Innate Abilities, Weirdness & Mutations

You are immune to sickness and miasma.
You are immune to poison.
Your flesh is very heat resistant. (rF++)
You are vulnerable to cold. (rC-)
You float through the air rather than walking.
You learn spells naturally, not from books.
Your magical power is your life essence.
You have superior vitality. (+4 HP)


Message History

Aim: Jessica, wielding a +0 club and wearing a +0 robe (fast, chance to affect: 48%) Jessica resists with significant effort.
Jessica casts a spell.
Jessica blinks!
Jessica gestures wildly while chanting.
Jessica blinks!
Jessica grins evilly.
Jessica hits you with a +0 club. Jessica casts a spell at you.
Pain shoots through your body!
You hit Jessica.
Jessica is moderately wounded.
Jessica casts a spell at you. Pain shoots through your body!
Jessica hits you but does no damage.
Casting: Corona (safe; 17% risk of failure)
Confirm with . or Enter, or press ? or * to list all spells.
Aiming: Corona (safe; 17% risk of failure)
Press: ? - help, Shift-Dir - straight line, f/p - Jessica
Aim: Jessica, wielding a +0 club and wearing a +0 robe (moderately wounded, fast, chance to affect: 48%) Jessica is outlined in light.
Jessica points at you and mumbles some strange words.
Pain shoots through your body!
You hit Jessica.
Jessica is severely wounded.
Jessica hits you with a +0 club. x2
You barely miss Jessica.
Jessica is severely wounded.
Jessica barely misses you. Jessica hits you but does no damage.
You hit Jessica but do no damage.
Jessica is severely wounded.
Jessica hits you with a +0 club.
* * * LOW HITPOINT WARNING * * *
Jessica gestures at you while chanting.
You feel yourself slow down.
You hit Jessica but do no damage.
Jessica is severely wounded.
Jessica stops glowing.
Jessica gestures at you while chanting. Pain shoots through your body!
You die...

...........## #......#
......§§§...## #......#
......§§§§≈..# #......##
......§§§≈...######........
....§.....≈.....@.........
########.≈§...≈≈..#####........
#..........._.....# #........
###........§§...≈≈..# #####....
...........≈...@@≈..# ...
......####...≈.≈....# ..
......# #..≈≈.≈≈...# # ......#
##.........# ......#
##.......## ......# ####)..##
......# ##### #######


You could see Jessica (fast).

Vanquished Creatures
  3 adders (D:2)
  A dart slug (D:2)
  2 ball pythons (D:2)
  5 endoplasms
  3 giant cockroaches
  2 goblins (D:2)
  4 hobgoblins
  A quokka (D:2)
  A bat (D:3)
  2 frilled lizards (D:1)
  A kobold (D:1)
  3 rats (D:2)
28 creatures vanquished.

Notes
Turn   | Place    | Note
-------+----------+-------------------------------------------
     0 | D:1      | Banquo the Djinni Hunter began the quest for the Orb.
     0 | D:1      | Reached XP level 1. HP: 18/18 MP: 0/0
   252 | D:1      | Found a faded altar of an unknown god.
   307 | D:1      | Reached XP level 2. HP: 23/23 MP: 0/0
   920 | D:2      | Reached skill level 1 in Spellcasting
  1265 | D:2      | Reached XP level 3. HP: 19/29 MP: 0/0
  1265 | D:2      | Learned a level 1 spell: Corona
  1620 | D:2      | Reached XP level 4. HP: 33/35 MP: 0/0
  2246 | D:3      | Found a blossoming altar of Fedhas.
  2270 | D:3      | Noticed Jessica
  2293 | D:3      | Killed from afar by Jessica

Illustrated notes

Levels and vault maps discovered:
D:1:      wander_arrival_peaceful_grave, layout_basic,
          hellmonk_ecumenical_altar_inner_sanctum
D:2:      layout_basic, minmay_indecisive_spiral
D:3:      layout_basic, mainiacjoe_overflow_small_starburst, uniq_natasha,
          uniq_robin, uniq_jessica

Skill      XL: |  1  2  3 |
---------------+----------+-----
Spellcasting   | 1 |  1.6
Fighting       | 3 |  3.2
Crossbows      | |  3.2
Dodging        | |  2.1
Stealth        | |  0.7

Action                   |  1- 3 |  4- 6 || total
-------------------------+-------+-------++-------
Melee: Hand axe          |    81 |    17 ||    98
 Fire: Hand crossbow     |     4 |       ||     4
 Cast: Corona            |     3 |     3 ||     6
  Use: Scroll            |       |     5 ||     5
 Stab: Sleeping          |     1 |       ||     1
Armor: Leather armour    |    22 |     7 ||    29
Dodge: Dodged            |    56 |     8 ||    64
